 Dungeon Crawl Stone Soup version 0.24.0-125-gc4c63601f3 (webtiles) character file.

Game seed: 14543050530744133139, levelgen mode: deterministic

8490 nightchill the Spear-Bearer (level 11, 0/90 HPs)
             Began as a Merfolk Abyssal Knight on Feb 21, 2020.
             Was a Priest of Lugonu.
             Slain by an unseen horror (5 damage)
             ... on level 11 of the Dungeon.
             The game lasted 00:45:41 (15075 turns).

nightchill the Spear-Bearer (MfAK)                 Turns: 15075, Time: 00:45:42

Health: 0/90       AC:  9    Str: 15    XL:     11   Next: 31%
Magic:  18/18      EV: 16    Int: 11    God:    Lugonu [***...]
Gold:   648        SH:  0    Dex: 15    Spells: 10/10 levels left

rFire    . . .     SeeInvis .   a - +0 halberd
rCold    . . .     Gourm    .   (shield currently unavailable)
rNeg     . . .     Faith    .   e - +0 ring mail
rPois    .         Spirit   .   z - +1 helmet
rElec    .         Reflect  .   d - +0 cloak
rCorr    .         Harm     .   (no gloves)
MR       .....                  C - +0 pair of boots
Stlth    +.........             B - amulet of magic regeneration
HPRegen  0.25/turn              (no ring)
MPRegen  0.41/turn              (no ring)

@: very slightly contaminated, starving, hasted, invisible, very quick
A: change form in water, swift swim, stealthy swim
a: Depart the Abyss, Bend Space, Banish, Renounce Religion


You were on level 11 of the Dungeon.
You worshipped Lugonu.
Lugonu was most pleased with you.
You were starving.

You visited 1 branch of the dungeon, and saw 11 of its levels.
You visited the Abyss 1 time.

You collected 648 gold pieces.

Inventory:

Hand Weapons
 a - a +0 halberd (weapon)
 b - a +4 hunting sling
 f - a +1 dagger of freezing
 k - a +0 trident
Missiles
 h - 354 stones (quivered)
 q - 50 sling bullets
 s - 4 javelins
Armour
 d - a +0 cloak (worn)
 e - a +0 ring mail (worn)
 z - a +1 helmet (worn)
 C - a +0 pair of boots (worn)
Jewellery
 B - an amulet of magic regeneration (around neck)
Wands
 u - a wand of enslavement (13)
 A - a wand of flame (19)
 L - a wand of paralysis (2)
 N - a wand of acid (4)
Scrolls
 g - 7 scrolls of remove curse
 i - 4 scrolls of amnesia
 j - 4 scrolls of teleportation
 l - 2 scrolls of noise {unknown}
 m - 5 scrolls of magic mapping
 o - a scroll of random uselessness {unknown}
 r - 2 scrolls of identify
 v - a scroll of fear {unknown}
 w - a scroll of fog
 y - 2 scrolls of enchant armour {unknown}
 F - a scroll of torment
 K - 2 scrolls of enchant weapon
 M - 2 scrolls of acquirement {unknown}
Potions
 n - a potion of invisibility
 p - 2 potions of cancellation
 t - a potion of flight
 D - a potion of brilliance {unknown}
 E - 2 potions of lignification
 H - a potion of berserk rage
 J - 2 potions of haste
Comestibles
 c - 14 rations
 O - 2 chunks of flesh


   Skills:
 + Level 9.9 Fighting
 + Level 12.6 Polearms
 + Level 2.2 Armour
 + Level 9.6 Dodging
 + Level 10.4 Invocations


You had 10 spell levels left.
You didn't know any spells.
Your spell library contained the following spells:

 Spells                   Type           Power        Failure   Level  Hunger
 Beastly Appendage        Tmut           #.....       56%         1    ##.....
 Corona                   Hex            #......      56%         1    ##.....
 Summon Small Mammal      Summ           #...         56%         1    ##.....
 Call Imp                 Summ           #.......     71%         2    ###....
 Slow                     Hex            #.......     71%         2    ###....
 Sticks to Snakes         Tmut           #.......     71%         2    ###....
 Call Canine Familiar     Summ           #.......     90%         3    ####...
 Inner Flame              Hex/Fire       #.......     90%         3    ####...
 Portal Projectile        Hex/Tloc       #.....       90%         3    ####...
 Spider Form              Tmut/Pois      #.........   90%         3    ####...
 Summon Guardian Golem    Hex/Summ       #.......     90%         3    ####...
 Cause Fear               Hex            #.........   100%        4    #####..
 Ice Form                 Ice/Tmut       #.......     100%        4    #####..
 Leda's Liquefaction      Hex/Erth       #.........   100%        4    #####..
 Summon Ice Beast         Ice/Summ       #.......     100%        4    #####..
 Summon Lightning Spire   Summ/Air       #.......     100%        4    #####..
 Blade Hands              Tmut           #.........   100%        5    ######.


Dungeon Overview and Level Annotations

Branches:
Dungeon (11/15)            Temple (0/1) D:4
   Lair: D:8-11         Orc: D:9-12

Altars:
Zin

Annotations:
D:2 exclusion: downstairs
D:4 exclusion: downstairs
D:5 2 transporters
D:7 corrupted, exclusion: downstairs
Abyss:1 Crazy Yiuf, Eustachio, Grinder, Maurice, Prince Ribbit


Message History

Aiming: Corrosive Bolt
Press: ? - help, Shift-Dir - straight line Something hits you but does no damage.
Something hits you.
* * * LOW HITPOINT WARNING * * *
Evoke which item? (* to show all) (? for menu, Esc to quit)
Aiming: Corrosive Bolt
Press: ? - help, Shift-Dir - straight line Something barely misses you.
Okay, then.
Blink to where?
Press: ? - help, Dir - move target cursor
As you read the scroll of blinking, it crumbles to dust.
Something barely misses you.
Something hits you but does no damage. x2
Something hits you.
* * * LOW HITPOINT WARNING * * *
You feel yourself speed up. Something hits you.
* * * LOW HITPOINT WARNING * * *
Something hits you.
You die...

...........................§...†.
########.############..##########
#.# #..# #.# #..# #.# #..#
########.# #..##########
.........############............
.................................
###########.....@........########
#.###########..#
###########.###########..########
.........<.......................
.................................
#######..........................
#######.........................#
................................#
###########..############...##.##


There were no monsters in sight!

Vanquished Creatures
  A troll (D:10)
  A hornet (D:10)
  2 hippogriffs
  6 yaks (D:9)
  A human (D:9)
  2 hungry ghosts
  Menkaure (D:6)
  An acid dragon (D:11)
  A water moccasin (D:7)
  2 orc warriors
  3 sky beasts
  3 ice beasts
  4 ogres
  An eye of draining (D:9)
  A phantom (D:5)
  3 centaurs
  A big kobold (D:8)
  Blork the orc (D:5)
  5 bullfrogs
  2 wyvern skeletons
  2 scorpions
  9 wights
  5 howler monkeys
  6 crimson imps
  A quasit (D:9)
  3 hounds
  3 jellies
  3 orc priests
  5 orc wizards
  2 bullfrog skeletons
  A centaur skeleton (D:5)
  5 worker ants
  2 iguanas
  A hound zombie (D:5)
  2 hound skeletons
  A worker ant zombie (D:5)
  Robin (D:3)
  15 adders
  2 shadow imps
  2 oozes (D:2)
  6 worms
  2 dart slugs (D:1)
  4 leopard geckos
  30 orcs
  2 ball pythons (D:1)
  3 giant cockroaches
  20 goblins
  10 hobgoblins
  8 jackals
  14 kobolds
  5 quokkas
  3 bats
  3 frilled lizards
  A giant cockroach zombie (D:5)
  A quokka skeleton (D:4)
  4 rats
229 creatures vanquished.

Vanquished Creatures (others)
  4 two-headed ogres
  A gargoyle (D:10)
  A troll (D:11)
  A wyvern (D:9)
  An ice beast (D:7)
  A hornet zombie (D:7)
  An orc warrior (D:7)
  A phantom (D:7)
  A centaur (D:7)
  A big kobold (D:7)
  A bullfrog (D:7)
  A scorpion (D:7)
  A hound (D:7)
  An orc priest (D:7)
  A worker ant (D:8)
  5 orcs (D:7)
  2 giant cockroaches (D:7)
  4 jackals (D:7)
  3 kobolds (D:7)
  11 starspawn tentacles (D:7)
43 creatures vanquished.

Grand Total: 272 creatures vanquished

Notes
Turn   | Place    | Note
-------+----------+-------------------------------------------
     0 | Abyss:1  | nightchill the Merfolk Abyssal Knight began the quest for
                  | the Orb.
     0 | Abyss:1  | Reached XP level 1. HP: 18/18 MP: 2/2
    10 | D:1      | Escaped the Abyss
   198 | D:1      | Reached XP level 2. HP: 15/24 MP: 3/3
   702 | D:1      | Reached skill level 4 in Polearms
  1080 | D:2      | Reached XP level 3. HP: 29/29 MP: 4/4
  1093 | D:2      | Reached ** piety under Lugonu
  1389 | D:2      | Reached XP level 4. HP: 32/37 MP: 6/6
  1510 | D:2      | Reached skill level 5 in Polearms
  2656 | D:3      | Reached XP level 5. HP: 32/42 MP: 7/7
  3033 | D:3      | Reached skill level 6 in Polearms
  3169 | D:3      | Reached *** piety under Lugonu
  3884 | D:3      | Noticed Robin
  3900 | D:3      | Killed Robin
  3900 | D:3      | Reached XP level 6. HP: 49/49 MP: 8/8
  4249 | D:4      | Noticed Eustachio
  4256 | D:4      | Banished Eustachio
  4536 | D:4      | Found a staircase to the Ecumenical Temple.
  4642 | D:4      | Reached skill level 5 in Fighting
  5247 | D:5      | Entered Level 5 of the Dungeon
  5255 | D:4      | Reached **** piety under Lugonu
  5255 | D:4      | Reached skill level 7 in Polearms
  5297 | D:5      | Reached XP level 7. HP: 56/56 MP: 10/10
  5352 | D:5      | Reached skill level 5 in Invocations
  5749 | D:5      | Found a transporter.
  5879 | D:5      | Noticed Blork the orc
  5906 | D:5      | Killed Blork the orc
  6300 | D:5      | Found a transporter.
  6361 | D:6      | Noticed Prince Ribbit
  6368 | D:6      | Banished Prince Ribbit
  6368 | D:6      | Reached skill level 8 in Polearms
  6368 | D:6      | Reached XP level 8. HP: 64/64 MP: 7/12
  6455 | D:6      | Noticed Menkaure
  6470 | D:6      | Killed Menkaure
  7227 | D:6      | Noticed Grinder
  7231 | D:6      | Banished Grinder
  7687 | D:7      | Corrupted D:7
  7687 | D:7      | Noticed a great orb of eyes
  7687 | D:7      | Noticed a rakshasa
  7687 | D:7      | Noticed a smoke demon
  7687 | D:7      | Noticed a tentacled starspawn
  7687 | D:7      | Noticed a hellwing
  7687 | D:7      | Noticed a tentacled starspawn
  7687 | D:7      | Noticed a ynoxinul
  7687 | D:7      | Noticed a ynoxinul
  7687 | D:7      | Noticed a blink frog
  7687 | D:7      | Noticed a tentacled starspawn
  7687 | D:7      | Noticed a thrashing horror
  7687 | D:7      | Noticed a red very ugly thing
  7688 | D:7      | Noticed a tentacled starspawn
  7689 | D:7      | Noticed a redback
  7691 | D:7      | Noticed a fire crab
  7691 | D:7      | a redback changed into a fire crab
  7691 | D:7      | Noticed a flying skull
  7885 | D:7      | Reached skill level 9 in Polearms
  7924 | D:7      | Noticed a thrashing horror
  8162 | D:7      | Found a runed translucent door.
  8163 | D:7      | Noticed Crazy Yiuf
  8178 | D:7      | Banished Crazy Yiuf
  8744 | D:7      | Reached XP level 9. HP: 22/71 MP: 14/14
  9084 | D:8      | Reached skill level 5 in Dodging
  9488 | D:8      | Noticed a two-headed ogre
  9491 | D:8      | Banished a two-headed ogre
  9507 | D:8      | Reached skill level 10 in Polearms
  9926 | D:8      | Found a glowing silver altar of Zin.
 10987 | D:9      | Noticed a two-headed ogre
 10989 | D:9      | Banished a two-headed ogre
 11049 | D:9      | Reached XP level 10. HP: 56/81 MP: 16/16
 11195 | D:9      | Reached skill level 11 in Polearms
 11433 | D:9      | Noticed Maurice
 11446 | D:9      | Paralysed by something for 4 turns
 11459 | D:9      | Paralysed by something for 4 turns
 11469 | D:9      | Banished Maurice
 12030 | D:9      | Noticed a two-headed ogre
 12036 | D:9      | Banished a two-headed ogre
 12810 | D:10     | Entered Level 10 of the Dungeon
 12828 | D:10     | Reached skill level 12 in Polearms
 13110 | D:10     | Reached skill level 10 in Invocations
 13173 | D:10     | Reached skill level 1 in Armour
 13403 | D:10     | Noticed a gargoyle
 13407 | D:10     | Banished a gargoyle
 13407 | D:10     | Reached XP level 11. HP: 71/89 MP: 18/18
 13860 | D:10     | Noticed a two-headed ogre
 13863 | D:10     | Banished a two-headed ogre
 15075 | D:11     | Slain by an unseen horror

Levels and vault maps discovered:
D:1:      moated_graveyard_arrival, layout_basic
D:2:      layout_rooms, serial_rivers, chequers_serial_rivers_micro_a,
          chequers_serial_rivers_large_a, chequers_serial_rivers_micro_c,
          chequers_serial_rivers_micro_e
D:3:      kennysheep_goblin_castle, layout_rooms, first_ration
D:4:      minmay_evil_eye, layout_basic, minmay_temple_entry_offerings,
          uniq_eustachio
D:5:      gammafunk_cloud_chamber, layout_loops_cross, uniq_blork_the_orc
D:6:      layout_rooms, chequers_jeans, uniq_menkaure, uniq_prince_ribbit1,
          uniq_grinder
D:7:      layout_cave_pools, uniq_crazy_yiuf_cottage
D:8:      layout_cave_pools, lemuel_crystal_altar, enter_bailey_2
D:9:      layout_basic, grunt_pizzeria, abandoned_shop, roderic_serpentine_path,
          uniq_maurice
D:10:     layout_roguey, minmay_misc_feat_chi
D:11:     minmay_the_grid_four_pointed_star_mashed
          [minmay_the_grid_triangle_9x9_longest,
          minmay_the_grid_triangle_9x9_alien,
          minmay_the_grid_triangle_9x9_swiss_cheese,
          minmay_the_grid_triangle_9x9_dagger,
          minmay_the_grid_prize_four_corners_diamond_b], layout_long_grid,
          dpeg_oklobed_lair

Skill      XL: |  1  2  3  4  5  6  7  8  9 10 11 |
---------------+----------------------------------+-----
Polearms       | 4 5 6 7 8 9 10 12 | 12.6
Fighting       | 4 5 6 8 9 |  9.9
Invocations    | 3 4 6 7 9 10 | 10.4
Dodging        | 4 7 9 |  9.6
Armour         | 1 2 |  2.2

Action                   |  1- 3 |  4- 6 |  7- 9 | 10-12 || total
-------------------------+-------+-------+-------+-------++-------
Melee: Spear             |   108 |   140 |       |       ||   248
       Tailslap          |     3 |       |       |       ||     3
       Trident           |       |   150 |   339 |       ||   489
       Halberd           |       |       |    53 |   342 ||   395
Throw: Stone             |     4 |     4 |     8 |     1 ||    17
Invok: Banish            |       |     1 |     9 |     7 ||    17
       Bend Space        |       |       |     2 |       ||     2
       Corrupt           |       |       |     1 |       ||     1
Evoke: Wand              |       |       |       |     2 ||     2
  Use: Scroll            |       |       |    19 |     1 ||    20
       Potion            |       |       |     1 |     6 ||     7
  Eat: Chunk             |     1 |    13 |    11 |     6 ||    31
       Ration            |       |       |     4 |     2 ||     6
Armor: Leather armour    |     3 |       |       |       ||     3
       Ring mail         |    15 |    60 |   133 |    71 ||   279
Dodge: Dodged            |    47 |   115 |   180 |   232 ||   574
